 Dungeon Crawl Stone Soup version 0.27-a0-1186-g8b4daa1eef (webtiles) character file.

Game seed: 5454822426547164198

614 leviel the Chopper (level 7, -10/52 HPs)
             Began as a Demonspawn Fighter on May 19, 2021.
             Was a Follower of Okawaru.
             Killed by divine providence
             ... invoked by an orc priest
              (14 damage)
             ... on level 6 of the Dungeon.
             The game lasted 00:06:01 (5636 turns).

leviel the Chopper (Demonspawn Fighter)             Turns: 5636, Time: 00:06:02

Health: -10/52     AC: 14    Str: 18      XL:     7   Next: 20%
Magic:  7/7        EV:  9    Int:  8 (9)  God:    Okawaru [*.....]
Gold:   334        SH:  0    Dex: 13      Spells: 6/6 levels left

rFire    + . .     SeeInvis .   a - +0 war axe (protect)
rCold    . . .     Faith    .   c - +0 kite shield
rNeg     . . .     Spirit   .   b - +0 scale mail
rPois    +         Reflect  .   (helmet restricted)
rElec    .         Harm     .   (no cloak)
rCorr    .         Rampage  .   e - +0 pair of gloves
Will     .....                  (no boots)
Stlth    ..........             (no amulet)
HPRegen  0.17/turn              h - ring of protection from fire
MPRegen  0.10/turn              d - ring of poison resistance

@: confused, under a protective aura
A: antennae 2, repulsion field 1, demonic guardian 1, powered by pain 1
a: Renounce Religion, Heroism


You were on level 6 of the Dungeon.
You worshipped Okawaru.
Okawaru was aware of your devotion.
You visited 1 branch of the dungeon, and saw 6 of its levels.

You collected 334 gold pieces.

Inventory:

Hand Weapons
 a - a +0 war axe of protection (weapon)
Armour
 b - a +0 scale mail (worn)
 c - a +0 kite shield (worn)
 e - a +0 pair of gloves (worn)
Jewellery
 d - a ring of poison resistance (right hand)
 h - a ring of protection from fire (left hand)
Scrolls
 g - 2 scrolls of magic mapping
 o - a scroll of amnesia {unknown}
 u - a scroll of teleportation
Potions
 f - a potion of invisibility
 i - 2 potions of haste
 j - 2 potions of flight
 k - 2 potions of degeneration
 l - 2 potions of cancellation
 m - a potion of brilliance {unknown}
 n - 2 potions of heal wounds
 q - a potion of magic {unknown}
 r - 2 potions of curing
 w - a potion of resistance {unknown}


   Skills:
 - Level 3.0 Fighting
 + Level 6.8 Axes
 - Level 2.6 Armour
 + Level 2.2 Dodging
 + Level 0.3 Stealth
 - Level 2.6 Shields


You had 6 spell levels left.
You didn't know any spells.
Your spell library contained the following spells:

 Spells                   Type           Power      Damage    Failure   Level
 Animate Skeleton         Necr           0%         N/A       100%        1
 Apportation              Tloc           0%         N/A       100%        1
 Corona                   Hex            0%         N/A       100%        1
 Summon Small Mammal      Summ           0%         N/A       100%        1


Dungeon Overview and Level Annotations

Branches:
Dungeon (6/15)
 Temple: D:4-7

Altars:
Dithmenos
Hepliaklqana
Okawaru
Trog
Yredelemnul


Innate Abilities, Weirdness & Mutations

You have a pair of antennae on your head.
You are surrounded by a mild repulsion field. (EV +2)
A weak demonic guardian rushes to your aid.
You sometimes gain a little power by taking damage.


Message History

There is a stone staircase leading up here.
The orc priest hits you with a +0 flail.
Your scale mail prevents you from hitting the orc priest.
You barely miss the orc. You closely miss the orc wizard.
You block the orc wizard's attack.
The orc priest hits you with a +0 flail!
The orc hits you with a +0 hand axe.
The orc priest calls down the wrath of Beogh upon you.
Beogh smites you!
The orc wizard points at itself and mumbles some strange words.
The orc wizard flickers and vanishes!
Deactivating autopickup; reactivate with Ctrl-A.
You slash the orc priest!
Your weapon exudes an aura of protection.
The orc priest is severely wounded.
You miss something. You hit the orc.
The orc priest hits you but does no damage.
The orc hits you but does no damage. Something hits you.
The orc priest barely misses you. The orc hits you but does no damage.
The orc priest mumbles some strange prayers to Beogh against you.
Beogh smites you!
* * * LOW HITPOINT WARNING * * *
You hear some strange, mumbled words.
You are confused.
The orc priest calls upon Beogh to heal the orc.
The orc priest invokes the aid of Beogh against you.
Beogh smites you!
* * * LOW HITPOINT WARNING * * *
A demonic guardian appears!
You hear some strange, mumbled words.
You are more confused.
There is a stone staircase leading up here.
The orc priest calls upon Beogh to heal the orc priest.
Your quasit barely misses the orc.
Your quasit closely misses the orc.
Your quasit claws the orc.
The orc dies!
Okawaru accepts your kill.
The orc priest mumbles some strange prayers to Beogh against you.
Beogh smites you!
You die...

##'##
##...##
##..o..##
##.......##
#.........#
+.........+
#.....o{5.#
##.....).##
##.)..@##
##...##
##+##


You could see 2 orc priests and a friendly quasit (summoned).

Vanquished Creatures
  2 phantoms
  A howler monkey (D:5)
  A hound (D:4)
  A bullfrog skeleton (D:5)
  An iguana (D:5)
  5 adders
  A white imp (D:4)
  An ufetubus (D:4)
  3 worms
  2 dart slugs
  2 orcs
  An endoplasm (D:2)
  8 giant cockroaches
  6 goblins
  7 hobgoblins
  7 kobolds
  7 quokkas
  8 ball pythons
  5 bats
  3 frilled lizards
  3 rats
75 creatures vanquished.

Vanquished Creatures (collateral kills)
  Eustachio (D:5)
  An ice beast (D:5)
  3 orcs
5 creatures vanquished.

Grand Total: 80 creatures vanquished

Notes
Turn   | Place    | Note
-------+----------+-------------------------------------------
     0 | D:1      | leviel the Demonspawn Fighter began the quest for the Orb.
     0 | D:1      | Reached XP level 1. HP: 18/18 MP: 1/1
   175 | D:1      | Reached skill level 2 in Axes
   242 | D:1      | Found a faded altar of an unknown god.
   291 | D:1      | Gained mutation: You are surrounded by a mild repulsion
                  | field. (EV +2) [demonic ancestry]
   291 | D:1      | Reached XP level 2. HP: 24/24 MP: 2/2
   711 | D:2      | Reached skill level 3 in Axes
  1027 | D:2      | Gained mutation: A weak demonic guardian rushes to your
                  | aid. [demonic ancestry]
  1027 | D:2      | Reached XP level 3. HP: 29/29 MP: 3/3
  2156 | D:3      | Found an iron altar of Okawaru.
  2180 | D:3      | Became a worshipper of Warmaster Okawaru
  2498 | D:3      | Gained mutation: You have a pair of small antennae on your
                  | head. [demonic ancestry]
  2498 | D:3      | Reached XP level 4. HP: 31/35 MP: 4/4
  2595 | D:3      | Reached skill level 4 in Axes
  3106 | D:4      | Gained mutation: You have a pair of antennae on your head.
                  | [demonic ancestry]
  3106 | D:4      | Reached XP level 5. HP: 36/41 MP: 5/5
  3796 | D:4      | Noticed a phantom
  3810 | D:4      | Killed a phantom
  3811 | D:4      | Reached skill level 5 in Axes
  3811 | D:4      | Reached skill level 1 in Dodging
  4046 | D:5      | Entered Level 5 of the Dungeon
  4054 | D:5      | Reached XP level 6. HP: 47/47 MP: 6/6
  4060 | D:5      | Noticed an ice beast
  4108 | D:5      | HP: 1/47 [ice beast (11)]
  4114 | D:5      | Killed an ice beast
  4588 | D:5      | Noticed Eustachio
  4609 | D:5      | Killed Eustachio
  4609 | D:5      | Reached * piety under Okawaru
  4610 | D:5      | Reached skill level 6 in Axes
  5104 | D:5      | Gained mutation: You sometimes gain a little power by
                  | taking damage. [demonic ancestry]
  5104 | D:5      | Reached XP level 7. HP: 49/52 MP: 7/7
  5297 | D:5      | Found a basalt altar of Yredelemnul.
  5297 | D:5      | Found a hazy altar of Hepliaklqana.
  5303 | D:5      | Found a bloodstained altar of Trog.
  5305 | D:5      | Found a shadowy altar of Dithmenos.
  5307 | D:5      | Found a faded altar of an unknown god.
  5636 | D:6      | Killed from afar by an orc priest

Illustrated notes

Levels and vault maps discovered:
D:1:      dpeg_arrival_triangle_fractal, layout_rooms,
          hellmonk_ecumenical_altar_heavens_door, supply_closet_lemuel
D:2:      layout_loops_ring
D:3:      layout_rooms, okawaru_metal_pillars_3, gup_sewer_entry_pipe
D:4:      layout_loops_ring, minmay_misc_feat_x, minmay_misc_feat_hallway,
          grunt_decor_junction, kennysheep_windowed_goal
D:5:      layout_cave_pools, chequers_temple_overflow_minitemple,
          minmay_misc_feat_roman, kennysheep_small_square, uniq_eustachio
D:6:      layout_loops_corners, corexii_item_surrounded_by_moat

Skill      XL: |  1  2  3  4  5  6 |
---------------+-------------------+-----
Axes           | 2 3 4 5 6 |  6.8
Dodging        | 1 2 |  2.2
Fighting       | |  3.0
Armour         | |  2.6
Stealth        | |  0.3
Shields        | |  2.6

Action                   |  1- 3 |  4- 6 |  7- 9 || total
-------------------------+-------+-------+-------++-------
Melee: War axe           |   144 |   140 |    21 ||   305
  Use: Scroll            |       |     9 |       ||     9
       Potion            |       |     5 |       ||     5
 Stab: Distracted        |       |     1 |       ||     1
Armor: Scale mail        |    75 |    80 |    13 ||   168
Dodge: Dodged            |    55 |    96 |     6 ||   157
Block: Kite shield       |    84 |    80 |     7 ||   171

Table legend: (Time is in decaauts)
 A = Elapsed time spent in this place.
 B = Non-inter-level travel time spent in this place.
 C = Inter-level travel time spent in this place.
 D = Time resting spent in this place.
 E = Time spent auto-exploring this place.
 F = Levels seen in this place.
 G = Mean time per level.
                   A        B        C        D        E       F      G
               +--------+--------+--------+--------+--------+-----+--------+
         Total |   5792 |   5633 |    159 |   1177 |   3641 |   6 |  965.3 |
       Dungeon |   5792 |   5633 |    159 |   1177 |   3641 |   6 |  965.3 |
               +--------+--------+--------+--------+--------+-----+--------+

Top non-repeatable levels by time:
     D:5: 1558 daAuts
     D:3: 1283 daAuts
     D:2: 1133 daAuts
     D:4: 1048 daAuts
     D:1: 723 daAuts
     D:6: 45 daAuts
